[Event "FWCT 2019"]
[Site "Kazan"]
[Date "2019.06.12"]
[Round "10.2"]
[White "Lagno, Kateryna"]
[Black "Goryachkina, Aleksandra"]
[Result "1/2-1/2"]
[ECO "B19"]
[WhiteElo "2554"]
[BlackElo "2522"]
[Annotator "ChessBase"]
[PlyCount "84"]
[EventDate "2019.05.11"]
[EventType "tourn"]
[EventCountry "RUS"]
[SourceTitle "playchess.com"]
[Source "ChessBase"]
[SourceQuality "1"]
[TimeControl "40/5400+30:1800+30"]

1. e4 c6 2. d4 d5 3. Nc3 dxe4 4. Nxe4 Bf5 5. Ng3 Bg6 6. h4 h6 7. Nf3 Nd7 8. Bd3 Bxd3 9. Qxd3 e6 10. Bf4 Qa5+ 11. Bd2 Qc7 12. O-O-O Ngf6 13. Ne4 Nxe4 14. Qxe4 Nf6 15. Qe2 Bd6 16. Kb1 O-O-O 17. c4 c5 18. Bc3 Rhe8 19. Rhe1 a6 20. a3 Qb6 21. Ka2 Bc7 22. Qc2 Qc6 23. dxc5 Qxc5 24. Rxd8+ Rxd8 25. Ne5 Bxe5 26. Bxe5 Ne8 27. f3 Qc6 28. Qe2 f6 29. Bg3 e5 30. f4 Rd4 31. fxe5 Qxc4+ 32. Qxc4+ Rxc4 33. exf6 Nxf6 34. Re7 Nh5 35. Be5 Re4 36. g4 Rxg4 37. Rc7+ Kd8 38. Rxb7 Rxh4 39. Bxg7 Nxg7 40. Rxg7 a5 41. Kb3 a4+ 42. Kc3 Rh3+ 1/2-1/2

[Event "FWCT 2019"]
[Site "Kazan"]
[Date "2019.06.12"]
[Round "10.3"]
[White "Muzychuk, Anna"]
[Black "Tan, Zhongyi"]
[Result "1/2-1/2"]
[ECO "C50"]
[WhiteElo "2539"]
[BlackElo "2513"]
[Annotator "ChessBase"]
[PlyCount "59"]
[EventDate "2019.05.11"]
[EventType "tourn"]
[EventCountry "RUS"]
[SourceTitle "playchess.com"]
[Source "ChessBase"]
[SourceQuality "1"]
[TimeControl "40/5400+30:1800+30"]

1. e4 e5 2. Nf3 Nc6 3. Bc4 Nf6 4. d3 Bc5 5. c3 d6 6. O-O a6 7. a4 Ba7 8. Re1 O-O 9. h3 Kh8 10. d4 h6 11. dxe5 Nxe5 12. Nxe5 dxe5 13. Qxd8 Rxd8 14. Nd2 Kg8 15. Nf3 Re8 16. Be3 Bxe3 17. Rxe3 Bd7 18. Ne1 b5 19. Be2 c5 20. Nd3 c4 21. Nb4 Be6 22. Bd1 Kf8 23. Bc2 Nd7 24. a5 Nc5 25. Ree1 Red8 26. Red1 Rac8 27. f3 Ke8 28. Kf2 f6 29. Ke3 Rxd1 30. Rxd1 1/2-1/2

[Event "FWCT 2019"]
[Site "Kazan"]
[Date "2019.06.12"]
[Round "10.4"]
[White "Muzychuk, Mariya"]
[Black "Dzagnidze, Nana"]
[Result "1/2-1/2"]
[ECO "B31"]
[WhiteElo "2563"]
[BlackElo "2510"]
[Annotator "ChessBase"]
[PlyCount "64"]
[EventDate "2019.05.11"]
[EventType "tourn"]
[EventCountry "RUS"]
[SourceTitle "playchess.com"]
[Source "ChessBase"]
[SourceQuality "1"]
[TimeControl "40/5400+30:1800+30"]

1. e4 c5 2. Nf3 Nc6 3. Bb5 g6 4. Bxc6 bxc6 5. O-O Bg7 6. Re1 Nh6 7. c3 O-O 8. h3 f5 9. e5 Nf7 10. d3 d6 11. Bf4 Ba6 12. Nbd2 dxe5 13. Nxe5 Bxe5 14. Bxe5 Bxd3 15. Qb3 a5 16. a4 Qd7 17. Bf4 g5 18. Be5 f4 19. Nf3 Rad8 20. Nxg5 c4 21. Nxf7 Rxf7 22. Qb6 f3 23. Qe3 Qf5 24. Qxf3 Qxf3 25. gxf3 Rxf3 26. Bg3 Kf7 27. Kg2 Rf5 28. Re3 Re8 29. Rae1 e6 30. Re5 Bc2 31. Rxf5+ exf5 32. Rxe8 Kxe8 1/2-1/2

[Event "FWCT 2019"]
[Site "Kazan"]
[Date "2019.06.13"]
[Round "11.2"]
[White "Tan, Zhongyi"]
[Black "Kosteniuk, Alexandra"]
[Result "1-0"]
[ECO "E21"]
[WhiteElo "2513"]
[BlackElo "2546"]
[Annotator "ChessBase"]
[PlyCount "63"]
[EventDate "2019.05.11"]
[EventType "tourn"]
[EventCountry "RUS"]
[SourceTitle "playchess.com"]
[Source "ChessBase"]
[SourceQuality "1"]
[TimeControl "40/5400+30:1800+30"]

1. d4 Nf6 2. c4 e6 3. Nf3 Bb4+ 4. Nc3 b6 5. e3 Bb7 6. Bd3 O-O 7. O-O c5 8. dxc5 Bxc3 9. bxc3 bxc5 10. Qc2 Qc7 11. e4 Nc6 12. Re1 Ng4 13. Rb1 Rab8 14. e5 g6 15. Bf4 f6 16. Bxg6 f5 17. Bh5 Nf6 18. exf6 Qxf4 19. Qd3 Rfd8 20. Be8 Kf8 21. f7 Ba8 22. Rxb8 Nxb8 23. Ne5 d6 24. Qh3 Qg5 25. Nf3 Qg6 26. Nh4 Qg5 27. f4 Qf6 28. Qg3 Qg7 29. Qxg7+ Kxg7 30. Rxe6 Be4 31. Rh6 Nd7 32. Rxd6 1-0

[Event "FWCT 2019"]
[Site "Kazan"]
[Date "2019.06.13"]
[Round "11.3"]
[White "Goryachkina, Aleksandra"]
[Black "Muzychuk, Anna"]
[Result "1/2-1/2"]
[ECO "D70"]
[WhiteElo "2522"]
[BlackElo "2539"]
[Annotator "ChessBase"]
[PlyCount "60"]
[EventDate "2019.05.11"]
[EventType "tourn"]
[EventCountry "RUS"]
[SourceTitle "playchess.com"]
[Source "ChessBase"]
[SourceQuality "1"]
[TimeControl "40/5400+30:1800+30"]

1. d4 Nf6 2. c4 g6 3. Nf3 Bg7 4. g3 O-O 5. Bg2 c6 6. O-O d5 7. Qa4 Bg4 8. Nc3 Nbd7 9. cxd5 cxd5 10. Ne5 Be6 11. Rd1 Nb6 12. Qa5 Nc8 13. Qxd8 Rxd8 14. b3 Ne4 15. Bb2 Ncd6 16. Rac1 Rac8 17. e3 f5 18. h4 Kf8 19. Ne2 Rxc1 20. Rxc1 Rc8 21. f3 Rxc1+ 22. Bxc1 Nf6 23. Nf4 Bc8 24. Bf1 Nde8 25. Kf2 Nc7 26. Ba3 Ke8 27. Be2 Nd7 28. Ned3 Nf6 29. Ne5 Nd7 30. Ned3 Nf6 1/2-1/2

[Event "FWCT 2019"]
[Site "Kazan"]
[Date "2019.06.13"]
[Round "11.4"]
[White "Lagno, Kateryna"]
[Black "Muzychuk, Mariya"]
[Result "1/2-1/2"]
[ECO "B33"]
[WhiteElo "2554"]
[BlackElo "2563"]
[Annotator "ChessBase"]
[PlyCount "82"]
[EventDate "2019.05.11"]
[EventType "tourn"]
[EventCountry "RUS"]
[SourceTitle "playchess.com"]
[Source "ChessBase"]
[SourceQuality "1"]
[TimeControl "40/5400+30:1800+30"]

1. e4 c5 2. Nf3 e6 3. d4 cxd4 4. Nxd4 Nf6 5. Nc3 Nc6 6. Ndb5 d6 7. Bf4 e5 8. Bg5 a6 9. Na3 b5 10. Bxf6 gxf6 11. Nd5 f5 12. g3 fxe4 13. Bg2 Bg7 14. Bxe4 Be6 15. Qh5 Rc8 16. c3 Ne7 17. Rd1 Rc5 18. Nxe7 Qxe7 19. O-O d5 20. Bf5 Bxf5 21. Qxf5 O-O 22. Nc2 Qe6 23. Qh5 a5 24. Ne3 f5 25. a3 e4 26. Rd2 b4 27. axb4 axb4 28. Rfd1 bxc3 29. bxc3 Bh6 30. Rd4 Bxe3 31. fxe3 Qg6 32. Qh4 Rxc3 33. Rxd5 Rxe3 34. Rd8 Re1+ 35. Rxe1 Qb6+ 36. Kg2 Qxd8 37. Qxd8 Rxd8 38. g4 fxg4 39. Rxe4 h5 40. Re5 Rd2+ 41. Kg1 Kg7 1/2-1/2

[Event "FWCT 2019"]
[Site "Kazan"]
[Date "2019.06.14"]
[Round "12.1"]
[White "Muzychuk, Mariya"]
[Black "Gunina, Valentina"]
[Result "0-1"]
[ECO "B12"]
[WhiteElo "2563"]
[BlackElo "2506"]
[Annotator "ChessBase"]
[PlyCount "162"]
[EventDate "2019.05.11"]
[EventType "tourn"]
[EventCountry "RUS"]
[SourceTitle "playchess.com"]
[Source "ChessBase"]
[SourceQuality "1"]
[TimeControl "40/5400+30:1800+30"]

1. e4 c6 2. d4 d5 3. e5 Bf5 4. Nf3 e6 5. Be2 Nd7 6. O-O h6 7. c3 Ne7 8. Nbd2 a5 9. a4 Bh7 10. Re1 Qc7 11. Nf1 c5 12. dxc5 Nc6 13. Bb5 Bxc5 14. Ng3 O-O 15. Qe2 Rfd8 16. Bf4 d4 17. Ne4 dxc3 18. bxc3 Bf8 19. Nd4 Ne7 20. Bxd7 Rxd7 21. Nb5 Qc6 22. Ned6 Nd5 23. Bd2 Nb6 24. c4 Bxd6 25. Nxd6 Nxa4 26. h4 Nc5 27. Rxa5 Rad8 28. Bc3 f6 29. Qg4 fxe5 30. Bxe5 h5 31. Qg5 Rf8 32. Bg3 b6 33. Rxc5 Qxc5 34. Qxc5 bxc5 35. Rxe6 Bd3 36. Re3 Bg6 37. Rb3 Rf6 38. Rb6 Kh7 39. Be5 Re6 40. f4 Be4 41. Kf2 Ra7 42. Rb2 Ba8 43. Re2 Ra3 44. Nf7 Re7 45. Nd6 Bc6 46. Nf5 Rea7 47. Bd6 Bd7 48. Ne3 R7a5 49. Rd2 Bc6 50. Bc7 Ra6 51. Bd6 R3a5 52. Bc7 Ra2 53. Rxa2 Rxa2+ 54. Kf1 Ra6 55. Bd8 Be4 56. Be7 Rc6 57. f5 Kg8 58. Kf2 Kf7 59. Bg5 Ra6 60. Bd8 Ke8 61. Bg5 Ra2+ 62. Kg1 Kf7 63. Kh2 Bd3 64. Bf4 Kf6 65. Bd6 Ra5 66. Bf8 Bxf5 67. Bxg7+ Ke6 68. Bf8 Bd3 69. Kg3 Ke5 70. Kf3 Be4+ 71. Kg3 Bc6 72. Be7 Ke4 73. Bg5 Ra2 74. Bh6 Re2 75. Nd5 Bxd5 76. cxd5 Kxd5 77. Kf3 Re4 78. g3 Kd4 79. Bg7+ Kd3 80. Bc3 c4 81. Bb2 Rg4 0-1

[Event "FWCT 2019"]
[Site "Kazan"]
[Date "2019.06.14"]
[Round "12.2"]
[White "Dzagnidze, Nana"]
[Black "Kosteniuk, Alexandra"]
[Result "1-0"]
[ECO "A16"]
[WhiteElo "2510"]
[BlackElo "2546"]
[Annotator "ChessBase"]
[PlyCount "95"]
[EventDate "2019.05.11"]
[EventType "tourn"]
[EventCountry "RUS"]
[SourceTitle "playchess.com"]
[Source "ChessBase"]
[SourceQuality "1"]
[TimeControl "40/5400+30:1800+30"]

1. c4 Nf6 2. Nc3 c5 3. Nf3 b6 4. e4 d6 5. d4 cxd4 6. Nxd4 Bb7 7. f3 e6 8. Be2 Be7 9. O-O O-O 10. Be3 Nbd7 11. Qd2 a6 12. Rfd1 Rc8 13. Bf1 Qc7 14. Rac1 Qb8 15. a3 Kh8 16. b4 Rg8 17. Nb3 Ba8 18. Kh1 Ne5 19. Na4 Nfd7 20. Bg5 Bf8 21. Qf2 Rc6 22. Be2 Qc8 23. Nb2 Ng6 24. Be3 Be7 25. a4 Bf6 26. Rb1 d5 27. cxd5 exd5 28. Rxd5 Rc2 29. Rd4 Bxd4 30. Nxd4 Rc3 31. Nf5 Rc2 32. Nc4 Qc7 33. Ncd6 Rf8 34. Qf1 Rc6 35. Rd1 f6 36. Bxa6 Nde5 37. Bb5 Rc3 38. Qg1 Rb3 39. Bxb6 Qc3 40. Bd4 Qxb4 41. Bc5 Qc3 42. Rc1 Qd2 43. Nc4 Qxc1 44. Qxc1 Nd3 45. Qc2 Nxc5 46. Nd2 Rd8 47. Nxb3 Nxe4 48. Nbd4 1-0

[Event "FWCT 2019"]
[Site "Kazan"]
[Date "2019.06.14"]
[Round "12.3"]
[White "Tan, Zhongyi"]
[Black "Goryachkina, Aleksandra"]
[Result "1/2-1/2"]
[ECO "B12"]
[WhiteElo "2513"]
[BlackElo "2522"]
[Annotator "ChessBase"]
[PlyCount "110"]
[EventDate "2019.05.11"]
[EventType "tourn"]
[EventCountry "RUS"]
[SourceTitle "playchess.com"]
[Source "ChessBase"]
[SourceQuality "1"]
[TimeControl "40/5400+30:1800+30"]

1. e4 c6 2. d4 d5 3. e5 Bf5 4. Nf3 e6 5. Be2 c5 6. Be3 Qb6 7. Nc3 Nc6 8. Na4 Qa5+ 9. c3 cxd4 10. Nxd4 Nxd4 11. Bxd4 Ne7 12. O-O Nc6 13. b4 Qc7 14. Rc1 Be7 15. g4 Bg6 16. f4 Qd7 17. Nc5 Bxc5 18. Bxc5 h5 19. g5 Ne7 20. a4 a6 21. a5 h4 22. Bf3 O-O 23. Qe1 Bd3 24. Rf2 Bf5 25. Rd2 h3 26. c4 Rfd8 27. Rcd1 Qe8 28. Kf2 Ng6 29. Kg3 dxc4 30. Bxb7 c3 31. Rxd8 Rxd8 32. Rxd8 Qxd8 33. Qxc3 Qd1 34. Bf3 Qf1 35. Qe3 Qb1 36. Qe2 Qc1 37. Be3 Qb1 38. Bc5 Qc1 39. Qe3 Qb1 40. Qd2 Qf1 41. Qf2 Qc4 42. Qe3 Qf1 43. Bd4 Qb1 44. Bc3 Ne7 45. Qd4 Kh7 46. Qd1 Qa2 47. Qd7 Qb1 48. Qd1 Qa2 49. b5 Nd5 50. Qd2 Qb1 51. Bxd5 exd5 52. Kf2 Qh1 53. Ke3 Qe4+ 54. Kf2 Qg2+ 55. Ke3 Qe4+ {[%emt 0:00:19] Kxe4} 1/2-1/2

[Event "FWCT 2019"]
[Site "Kazan"]
[Date "2019.06.14"]
[Round "12.4"]
[White "Muzychuk, Anna"]
[Black "Lagno, Kateryna"]
[Result "1-0"]
[ECO "C63"]
[WhiteElo "2539"]
[BlackElo "2554"]
[Annotator "ChessBase"]
[PlyCount "89"]
[EventDate "2019.05.11"]
[EventType "tourn"]
[EventCountry "RUS"]
[SourceTitle "playchess.com"]
[Source "ChessBase"]
[SourceQuality "1"]
[TimeControl "40/5400+30:1800+30"]

1. e4 e5 2. Nf3 Nc6 3. Bb5 f5 4. d3 fxe4 5. dxe4 Nf6 6. O-O d6 7. a3 h6 8. Bc4 g5 9. Nc3 Bg7 10. Qd3 Qe7 11. Be3 Nd8 12. Rfe1 Nf7 13. Nd2 O-O 14. Nf1 a6 15. Ng3 Kh8 16. Rad1 Bd7 17. Nd5 Nxd5 18. exd5 Rae8 19. Qe4 Nd8 20. Bd3 Bf6 21. Nh5 c6 22. c4 b5 23. b3 bxc4 24. bxc4 cxd5 25. cxd5 Nb7 26. Qg6 e4 27. Nxf6 Qxf6 28. Qxf6+ Rxf6 29. Bd4 Kg7 30. Rxe4 Rxe4 31. Bxe4 Nc5 32. f3 Kf7 33. Bxf6 Kxf6 34. Kf2 Ba4 35. Rd4 a5 36. Ke3 Bb3 37. g3 Na6 38. Rd3 Nc5 39. Rd2 Nd7 40. Kd4 a4 41. Bc2 Ne5 42. Rf2 Bxc2 43. Rxc2 Nxf3+ 44. Ke4 g4 45. h4 1-0

[Event "FWCT 2019"]
[Site "Kazan"]
[Date "2019.06.16"]
[Round "13.1"]
[White "Gunina, Valentina"]
[Black "Muzychuk, Anna"]
[Result "0-1"]
[ECO "C58"]
[WhiteElo "2506"]
[BlackElo "2539"]
[Annotator "ChessBase"]
[PlyCount "134"]
[EventDate "2019.05.11"]
[EventType "tourn"]
[EventCountry "RUS"]
[SourceTitle "playchess.com"]
[Source "ChessBase"]
[SourceQuality "1"]
[TimeControl "40/5400+30:1800+30"]

1. e4 e5 2. Nf3 Nc6 3. Bc4 Nf6 4. Ng5 d5 5. exd5 Na5 6. Bb5+ c6 7. dxc6 bxc6 8. Bd3 Nd5 9. h4 h6 10. Qh5 Qf6 11. Nh7 Rxh7 12. Bxh7 g6 13. Qf3 Qxf3 14. gxf3 Nf6 15. d3 Nxh7 16. Bd2 Nb7 17. Bc3 Bd6 18. Nd2 Be6 19. Ne4 Bc7 20. O-O-O O-O-O 21. Rde1 Bd5 22. Nd2 f6 23. Rhg1 Bf7 24. a4 Nc5 25. f4 exf4 26. Re7 Rd7 27. Rxd7 Nxd7 28. a5 Nhf8 29. b4 Ne6 30. Ne4 f5 31. Nd2 Be5 32. Kb2 Nd4 33. Re1 Bf6 34. Nc4 Kc7 35. Nd2 a6 36. Rh1 Bd5 37. Re1 g5 38. hxg5 hxg5 39. Re8 g4 40. Nf1 Bg2 41. Nd2 g3 42. fxg3 fxg3 43. Rg8 Bd5 44. Rxg3 Ne2 45. Bxf6 Nxg3 46. Bh4 Ne2 47. c4 Bg2 48. Nb3 f4 49. Kc2 Kd6 50. Kd2 Ng1 51. Kc3 Nf3 52. Bf2 Nfe5 53. Bh4 Bf1 54. b5 cxb5 55. cxb5 axb5 56. a6 Bxd3 57. Nd4 b4+ 58. Kxb4 Bxa6 59. Kc3 Kd5 60. Nf5 Nc5 61. Ne7+ Ke6 62. Ng8 Nf3 63. Bd8 Ne4+ 64. Kb4 Ne5 65. Bh4 Nf3 66. Bd8 Nd4 67. Bh4 Nf5 0-1

[Event "FWCT 2019"]
[Site "Kazan"]
[Date "2019.06.16"]
[Round "13.2"]
[White "Kosteniuk, Alexandra"]
[Black "Muzychuk, Mariya"]
[Result "1-0"]
[ECO "B29"]
[WhiteElo "2546"]
[BlackElo "2563"]
[Annotator "ChessBase"]
[PlyCount "83"]
[EventDate "2019.05.11"]
[EventType "tourn"]
[EventCountry "RUS"]
[SourceTitle "playchess.com"]
[Source "ChessBase"]
[SourceQuality "1"]
[TimeControl "40/5400+30:1800+30"]

1. e4 c5 2. Nf3 Nf6 3. e5 Nd5 4. c3 d6 5. Bc4 e6 6. d4 cxd4 7. cxd4 Nc6 8. O-O Be7 9. Qe2 O-O 10. Rd1 Na5 11. Bd3 Nb4 12. Nc3 Nxd3 13. Rxd3 d5 14. Ne1 f5 15. exf6 Bxf6 16. Bf4 Bd7 17. Rad1 Qe7 18. Re3 Qf7 19. b3 Nc6 20. Red3 Ne7 21. Bd6 Rfc8 22. Nf3 Ng6 23. Re3 Rc6 24. Bg3 Rac8 25. Qe1 a6 26. Na4 b6 27. h4 Ne7 28. Ne5 Bxe5 29. Bxe5 Nf5 30. Rh3 Qe7 31. Qe2 Qa3 32. Qxa6 Qxa2 33. Qb7 Qe2 34. Qxd7 Qxd1+ 35. Kh2 Qc1 36. Rg3 Qh6 37. Rg4 Rc2 38. Nc5 Ra8 39. Nxe6 Rxf2 40. Qxd5 Ra5 41. Qd8+ Kf7 42. Ng5+ 1-0

[Event "FWCT 2019"]
[Site "Kazan"]
[Date "2019.06.16"]
[Round "13.3"]
[White "Goryachkina, Aleksandra"]
[Black "Dzagnidze, Nana"]
[Result "1/2-1/2"]
[ECO "A62"]
[WhiteElo "2522"]
[BlackElo "2510"]
[Annotator "RC"]
[PlyCount "40"]
[EventDate "2019.05.11"]
[EventType "tourn"]
[EventCountry "RUS"]
[SourceTitle "playchess.com"]
[Source "ChessBase"]
[SourceQuality "1"]
[TimeControl "40/5400+30:1800+30"]

1. d4 Nf6 2. c4 e6 3. g3 c5 4. d5 exd5 5. cxd5 g6 6. Nc3 Bg7 7. Bg2 d6 8. Nf3 O-O 9. O-O Re8 10. Bf4 Bf5 11. Nh4 Bg4 12. h3 Nh5 13. hxg4 Nxf4 14. gxf4 Bxc3 15. bxc3 Qxh4 16. e3 Nd7 17. Bf3 Qh3 18. Bg2 Qh4 19. Bf3 Qh3 20. Bg2 Qh4 1/2-1/2

[Event "FWCT 2019"]
[Site "Kazan"]
[Date "2019.06.16"]
[Round "13.4"]
[White "Lagno, Kateryna"]
[Black "Tan, Zhongyi"]
[Result "1/2-1/2"]
[ECO "C67"]
[WhiteElo "2554"]
[BlackElo "2513"]
[Annotator "ChessBase"]
[PlyCount "98"]
[EventDate "2019.05.11"]
[EventType "tourn"]
[EventCountry "RUS"]
[SourceTitle "playchess.com"]
[Source "ChessBase"]
[SourceQuality "1"]
[TimeControl "40/5400+30:1800+30"]

1. e4 e5 2. Nf3 Nc6 3. Bb5 Nf6 4. O-O Nxe4 5. Re1 Nd6 6. Nxe5 Be7 7. Bf1 Nxe5 8. Rxe5 O-O 9. d4 Bf6 10. Re1 Re8 11. c3 Rxe1 12. Qxe1 Ne8 13. d5 d6 14. Na3 c6 15. Qd1 Nc7 16. c4 Bf5 17. dxc6 bxc6 18. Nc2 Ne6 19. Ne3 Bg6 20. Bd3 Rb8 21. Bxg6 hxg6 22. Rb1 Be5 23. b4 Qh4 24. Ng4 Bd4 25. h3 f5 26. Qe2 Re8 27. Nh2 Nf8 28. Qf1 Qe4 29. Rb3 Qc2 30. Be3 Qxa2 31. Qd1 Bxe3 32. Rxe3 Rxe3 33. fxe3 Qxc4 34. Qxd6 Qd5 35. Qb8 Qb3 36. Qxa7 Qxb4 37. Qa2+ Kh8 38. Qf7 Qb1+ 39. Nf1 Qb8 40. Nd2 Qd8 41. Nf3 Qf6 42. Qc7 Qe6 43. Ne5 Kh7 44. Kh2 g5 45. Nxc6 Qxe3 46. Qe5 Qd3 47. Ne7 Ng6 48. Nxg6 Kxg6 49. Qe8+ Kh6 1/2-1/2

[Event "FWCT 2019"]
[Site "Kazan"]
[Date "2019.06.17"]
[Round "14.2"]
[White "Muzychuk, Mariya"]
[Black "Goryachkina, Aleksandra"]
[Result "1-0"]
[ECO "B12"]
[WhiteElo "2563"]
[BlackElo "2522"]
[Annotator "ChessBase"]
[PlyCount "77"]
[EventDate "2019.05.11"]
[EventType "tourn"]
[EventCountry "RUS"]
[SourceTitle "playchess.com"]
[Source "ChessBase"]
[SourceQuality "1"]
[TimeControl "40/5400+30:1800+30"]

1. e4 c6 2. d4 d5 3. e5 Bf5 4. Nf3 e6 5. Be2 c5 6. Be3 Qb6 7. Nc3 Nc6 8. O-O Qxb2 9. Qe1 cxd4 10. Bxd4 Nxd4 11. Nxd4 Bb4 12. Rb1 Bxc3 13. Rxb2 Bxe1 14. Rxe1 b6 15. h4 Be4 16. Bb5+ Kf8 17. f3 Bg6 18. Re3 Ne7 19. Rc3 h5 20. Rc7 a6 21. Bd7 b5 22. a4 bxa4 23. Bxa4 Nf5 24. Ra7 Rd8 25. Nc6 Re8 26. Ne7 Rd8 27. Nxg6+ fxg6 28. Bd7 Kg8 29. Bxe6+ Kh7 30. Rbb7 Nd4 31. Bd7 Rb8 32. e6 Nf5 33. Ba4 Rbc8 34. e7 Nd6 35. Rb6 Ne8 36. Rbxa6 Kg8 37. Ra8 Rxa8 38. Rxa8 Kf7 39. Kf2 1-0

[Event "FWCT 2019"]
[Site "Kazan"]
[Date "2019.06.17"]
[Round "14.3"]
[White "Dzagnidze, Nana"]
[Black "Lagno, Kateryna"]
[Result "1/2-1/2"]
[ECO "A05"]
[WhiteElo "2510"]
[BlackElo "2554"]
[Annotator "ChessBase"]
[PlyCount "85"]
[EventDate "2019.05.11"]
[EventType "tourn"]
[EventCountry "RUS"]
[SourceTitle "playchess.com"]
[Source "ChessBase"]
[SourceQuality "1"]
[TimeControl "40/5400+30:1800+30"]

1. Nf3 Nf6 2. b3 g6 3. Bb2 Bg7 4. g3 d6 5. d4 c5 6. c4 Ne4 7. Nbd2 Qa5 8. Qc1 Nxd2 9. Qxd2 Qxd2+ 10. Kxd2 cxd4 11. Bxd4 Bxd4 12. Nxd4 Nc6 13. Nb5 O-O 14. Bg2 Bd7 15. Rhd1 Rac8 16. Rac1 Rfd8 17. Nc3 Kf8 18. Kc2 h5 19. h4 Rb8 20. Kb2 Ne5 21. Rd2 Bc6 22. e4 Rdc8 23. f4 Ng4 24. Bh3 Bd7 25. Re1 Rd8 26. Bxg4 Bxg4 27. Rd5 Bd7 28. Red1 Bc6 29. R5d4 Rdc8 30. a4 b6 31. R1d2 f6 32. Rf2 Kf7 33. Nd5 Bxd5 34. Rxd5 Rc5 35. Kc3 Rbc8 36. Kd3 a6 37. Rc2 f5 38. Re2 fxe4+ 39. Kxe4 Rxd5 40. Kxd5 Rc5+ 41. Ke4 e6 42. Rd2 Ke7 43. Rd1 1/2-1/2

[Event "FWCT 2019"]
[Site "Kazan"]
[Date "2019.06.17"]
[Round "14.4"]
[White "Tan, Zhongyi"]
[Black "Gunina, Valentina"]
[Result "1-0"]
[ECO "C54"]
[WhiteElo "2513"]
[BlackElo "2506"]
[Annotator "ChessBase"]
[PlyCount "147"]
[EventDate "2019.05.11"]
[EventType "tourn"]
[EventCountry "RUS"]
[SourceTitle "playchess.com"]
[Source "ChessBase"]
[SourceQuality "1"]
[TimeControl "40/5400+30:1800+30"]

1. e4 e5 2. Nf3 Nc6 3. Bc4 Bc5 4. c3 Nf6 5. d4 exd4 6. e5 d5 7. Bb5 Ne4 8. cxd4 Bb6 9. Nc3 O-O 10. Be3 f5 11. exf6 Nxc3 12. bxc3 Qxf6 13. Qb3 Ne7 14. O-O c6 15. Bd3 Nf5 16. Bg5 Qf7 17. Rae1 Qh5 18. Bc1 Nh4 19. Nxh4 Qxh4 20. g3 Qh3 21. Be4 Qh5 22. Bg2 Bf5 23. Re5 Bc7 24. Re7 Bd6 25. Re3 Qf7 26. Ba3 Bxa3 27. Qxa3 Rae8 28. Rfe1 Bh3 29. Qb2 Bxg2 30. Kxg2 b6 31. Qe2 Re4 32. f3 Rxe3 33. Qxe3 c5 34. f4 Rc8 35. Re2 cxd4 36. cxd4 h6 37. Qe5 Kh7 38. f5 Qh5 39. Qe6 Rc6 40. Qe5 Qg4 41. h3 Qh5 42. g4 Qh4 43. Qe8 Rf6 44. Qc8 Qg5 45. Kg3 Rf7 46. h4 Rf8 47. hxg5 Rxc8 48. g6+ Kg8 49. Re7 Kf8 50. Rf7+ Kg8 51. Rxa7 Re8 52. Kf3 Kf8 53. Rf7+ Kg8 54. Rb7 Kf8 55. Rxb6 Re4 56. Rb4 Ke7 57. a4 Kf6 58. a5 Re7 59. a6 h5 60. gxh5 Kxf5 61. Rb5 Kg5 62. Rxd5+ Kh6 63. Rd6 Kxh5 64. Kf4 Re1 65. Rb6 Kh6 66. d5 Ra1 67. d6 Rf1+ 68. Ke3 Re1+ 69. Kf2 Rd1 70. a7 Ra1 71. d7 Ra2+ 72. Ke1 Ra1+ 73. Kd2 Ra5 74. Rb7 1-0